Cogmind - Beta 11.1 @@@ ROGUE MODE // 2022.05.23 @ 02:00:56 Player: DDRAGON Result: Destroyed by S-43 Plague with Heavy Machine Gun Performance ------------- Evolutions (9) 4500 Regions Visited (17) 3400 Robots Destroyed (165) 825 Value Destroyed (7072) 7072 Prototype IDs (12) 240 Alien Tech Used (0) 0 Bonus (3855) 3855 TOTAL SCORE: 19892 Bonus ------- High Alert Combat Kills 55 Entered DSFs 500 Aligned with FarCom 300 Met Warlord at Base 500 MAIN.C Attacked Warlord 500 Met Warlord at Research 2000 Cogmind --------- Core Integrity 0/1600 Matter 41/300 Energy 29/100 System Corruption 20% Temperature Cool (0) Movement Core (50) Location -1/Access Parts ------- > --- POWER (2) -------- (None) > --- PROPULSION (8) --- (None) > --- UTILITY (9) ------ (None) > --- WEAPON (6) ------- (None) > --- INVENTORY (5) ---- Fusion Compressor Focal Shield Heavy Dispersion Rifle Compact HERF Cannon Linear Accelerator Peak State ------------ > --- POWER ------------ Micro Antimatter Reactor Quantum Reactor > --- PROPULSION ------- Spiked Medium Treads Armored Heavy Treads Advanced Heavy Treads Advanced Heavy Siege Treads Centrium Leg > --- UTILITY ---------- Advanced Heat Sink High-capacity Storage Unit Experimental Target Analyzer Experimental Target Analyzer Advanced Actuator Array Graphene Brace Improved Focal Shield Advanced Hacking Suite Improved Corruption Screen > --- WEAPON ----------- Nova Cannon Power Maul Power Maul Power Maul Power Maul Chainsword > --- INVENTORY -------- Fusion Compressor Micro Antimatter Reactor Micro Antimatter Reactor Medium Treads Improved Medium Treads Biometal Leg Advanced Melee Analysis Suite Focal Shield Hacking Suite High-powered Tractor Beam Precision Phase Gun Heavy Dispersion Rifle Heavy Dispersion Rifle Heavy Disruptor Cannon Compact HERF Cannon Linear Accelerator [Rating: 176] Favorites ----------- Power Micro Fission Core Engine Makeshift Power Source Power Core Micro Fission Core Reactor Quantum Reactor Propulsion Armored Huge Wheel Treads Medium Treads Leg Aluminum Leg Wheel Armored Huge Wheel Hover Unit Improved Antigrav System Flight Unit Field Propulsion Array Utility Medium Storage Unit Device Advanced Actuator Array Storage Medium Storage Unit Processor Experimental Target Analyzer Hackware Hacking Suite Protection Weapon Shielding Weapon Power Maul Energy Gun Wave Gun Energy Cannon Vortex Driver Ballistic Gun Coil Gun Ballistic Cannon AWS/Autocannon Launcher Improved Proton Missile Launcher Special Weapon Improved Plasma Cutter Impact Weapon Power Maul Slashing Weapon Chainsword Piercing Weapon Heavy Pick Special Melee Weapon Datajack Build | -11 -10 -10 -10 -9 -8 -7 -7 -6 -5 -5 -5 -5 -4 -4 -3 -2 -1 ------- Run | Scr Mat Min Exi Min Mat Fac DSF Fac Fac Upp Upp War Pro Fac Res Res Acc Slots Evolved 18 | . . . . . 4 2 . 2 2 . . . . 2 2 2 2 Power 1 | . . . . . . . . . . . . . . 1 . . . Propulsion 6 | . . . . . 2 . . 2 1 . . . . . 1 . . Utility 7 | . . . . . 1 1 . . 1 . . . . 1 1 1 1 Weapon 4 | . . . . . 1 1 . . . . . . . . . 1 1 Parts Attached 258 | 6 4 5 1 4 13 8 3 4 5 15 3 5 9 63 65 15 30 Power 48 | 1 1 1 1 . 1 2 . 2 . 5 . 1 . 10 15 3 5 Engine 7 | 1 1 . 1 . 1 1 . . . 1 . . . 1 . . . Core 18 | . . 1 . . . 1 . 2 . 4 . 1 . 6 2 1 . Reactor 23 | . . . . . . . . . . . . . . 3 13 2 5 Propulsion 77 | 2 1 1 . 2 7 1 2 1 . 1 . 1 . 20 16 9 13 Treads 19 | . . . . . . . . . . . . 1 . . 6 6 6 Leg 24 | 2 1 1 . 2 7 1 . . . . . . . 4 2 . 4 Wheel 14 | . . . . . . . 2 1 . 1 . . . 9 1 . . Hover 8 | . . . . . . . . . . . . . . 1 2 2 3 Flight 12 | . . . . . . . . . . . . . . 6 5 1 . Utility 72 | 1 1 . . 1 2 2 1 1 4 3 2 3 2 20 21 2 6 Device 40 | . . . . . . 1 1 . . 1 2 . . 17 14 1 3 Storage 11 | 1 . . . . . . . 1 2 1 . 1 2 1 2 . . Processor 8 | . . . . . 1 . . . 1 1 . . . 1 3 . 1 Hackware 3 | . . . . . 1 . . . . . . . . . . . 2 Protection 10 | . 1 . . 1 . 1 . . 1 . . 2 . 1 2 1 . Artifact . | . . . . . . . . . . . . . . . . . . Weapon 61 | 2 1 3 . 1 3 3 . . 1 6 1 . 7 13 13 1 6 Energy Gun 14 | 1 . 1 . . . . . . . 2 . . . 5 3 1 1 Energy Cannon 9 | . . . . . . . . . . 1 . . 2 1 1 . 4 Ballistic Gun 11 | 1 . 2 . 1 . 3 . . . 1 1 . 2 . . . . Ballistic Cannon 9 | . . . . . 2 . . . 1 2 . . 1 2 1 . . Launcher 3 | . 1 . . . 1 . . . . . . . 1 . . . . Special Weapon 2 | . . . . . . . . . . . . . 1 . 1 . . Impact Weapon 4 | . . . . . . . . . . . . . . . 4 . . Slashing Weapon 3 | . . . . . . . . . . . . . . 2 . . 1 Piercing Weapon 5 | . . . . . . . . . . . . . . 2 3 . . Special Melee Weapon 1 | . . . . . . . . . . . . . . 1 . . . Unidentified Prototypes 10 | . . . . . 1 1 . . . . . . 1 2 4 . 1 Corrupted Parts 8 | . . . . . . . . . . . . . . . 1 5 2 System Corruption 45 | . . . . . . . . . . . . . . . 7 23 15 Parts Lost 100 | . . 2 . . 3 . . . 1 4 2 . 11 25 23 . 29 Power 10 | . . 1 . . 1 . . . . 1 . . . 1 2 . 4 Propulsion 35 | . . 1 . . 1 . . . . . 1 . 4 8 11 . 9 Utility 32 | . . . . . 1 . . . 1 3 1 . 4 8 6 . 8 Weapon 23 | . . . . . . . . . . . . . 3 8 4 . 8 Highest Loss Streak 22 | . . 1 . . 1 . . . 1 2 2 . 9 19 6 . 22 To Critical Strikes . | . . . . . . . . . . . . . . . . . . Average Slot Usage (%) 74 | . 86 93 93 100 70 78 67 64 58 64 67 69 64 65 81 82 75 Engine 1 | . 14 1 7 14 8 2 7 1 . . . . . 2 . . . Core 3 | . . 6 . . . 4 . 4 5 5 5 5 5 5 . 3 2 Reactor 2 | . . . . . . . . . . . . . . 1 7 4 5 Treads 4 | . . . . . . . . . . . . 5 4 . 8 8 17 Leg 5 | . 28 27 28 28 34 30 4 . . . . . . . . 1 . Wheel 7 | . . . . . . . 10 20 17 19 20 17 12 9 . 2 . Flight 2 | . . . . . . . . . . . . . . 3 11 2 . Device 8 | . . . . . . 1 5 6 5 3 4 5 1 11 19 9 11 Storage 8 | . 14 14 14 14 9 7 7 6 5 7 11 11 12 10 4 4 3 Processor 3 | . . . . . 1 5 . . . 10 11 2 . . 3 8 10 Protection 4 | . 1 14 14 14 7 3 7 6 6 . . 8 8 1 3 6 1 Energy Gun 2 | . 2 12 14 14 . . . . . 4 3 . . 3 1 4 . Energy Cannon 1 | . . . . . . . . . . . . . 2 5 1 . 4 Ballistic Gun 3 | . 14 15 14 14 . 6 7 4 . . 1 5 6 3 . . . Ballistic Cannon 2 | . . . . . 8 7 7 6 10 5 5 5 3 1 1 . . Impact Weapon 3 | . . . . . . . . . . . . . . . 3 17 14 Piercing Weapon 1 | . . . . . . . . . . . . . . . 5 . . Naked Turns 27 | . . . . . . . . . . . . . . . . . 27 Heaviest Build 155 | 14 16 16 13 15 71 80 80 155 147 92 89 109 109 84 95 108 121 Greatest Support 268 | 20 20 20 20 20 40 54 65 93 93 100 100 72 72 94 251 228 268 Greatest Overweight (x) 27 | . . 1 . . 2 1 26 1 1 1 1 1 19 27 5 5 23 Average Overweight (x) . | . . . . . 1 1 1 1 . . . 1 1 1 . 1 . Largest Inventory Capacity 25 | 8 8 8 8 8 8 8 8 25 25 10 10 10 10 10 20 20 20 Average Capacity 11 | 6 8 8 8 8 8 8 8 24 19 10 10 10 10 10 11 20 18 Most Carried 20 | . 8 8 8 8 8 8 8 10 12 10 10 10 10 10 16 20 19 Average Carried 9 | . 5 7 7 7 7 7 7 7 11 9 9 9 7 5 9 17 16 Final Capacity 25 | 8 8 8 8 8 8 8 8 25 10 10 10 10 10 10 20 20 5 Final Carried 20 | . 8 7 8 8 8 8 8 10 8 10 9 10 5 10 16 20 5 Class Distribution -------------------- 27% | Scavenger-Mutant 25% | Skirmisher 17% | Mutant 9% | Scavenger-Skirmisher 8% | Derelict-Tank 3% | Tank Dominant Class ---------------- Mutant | -10/Materials Mutant | -10/Mines Scavenger-Mutant | -10/Exiles Scavenger-Mutant | -9/Mines Scavenger-Skirmisher | -8/Materials Skirmisher | -7/Factory Skirmisher | -7/DSF Skirmisher | -6/Factory Skirmisher | -5/Factory Skirmisher | -5/Upper Caves Skirmisher | -5/Upper Caves Derelict-Tank | -5/Warlord Derelict-Gunner | -4/Proximity Caves Skirmisher | -4/Factory Mutant | -3/Research Scavenger-Mutant | -2/Research Scavenger-Mutant | -1/Access Resources | -11 -10 -10 -10 -9 -8 -7 -7 -6 -5 -5 -5 -5 -4 -4 -3 -2 -1 ----------- Run | Scr Mat Min Exi Min Mat Fac DSF Fac Fac Upp Upp War Pro Fac Res Res Acc Matter Collected 4871 | 106 168 281 . 99 115 . 5 209 79 405 42 15 400 943 1140 558 306 Remotely 318 | . . . . . . . . . . . . . . . 318 . . Salvage Created 6830 | . 241 182 . 83 779 . 77 221 62 163 208 . 843 1386 2088 142 355 Parts 323 | . 20 14 . 5 38 . 9 8 2 9 9 . 37 64 101 1 6 Haulers Intercepted 2 | . 1 . . . . . . . . . . . . . 1 . . Recyclers Shooed 5 | . . . . . 1 . . . . . . . . 2 1 . 1 Parts Field Recycled . | . . . . . . . . . . . . . . . . . . Retrieved Matter . | . . . . . . . . . . . . . . . . . . Parts Self-Destructed 38 | . . . . . . . . . . 8 9 . 21 . . . . Prevented 12 | . . . . . . . . . . 1 . . 11 . . . . Kills | -11 -10 -10 -10 -9 -8 -7 -7 -6 -5 -5 -5 -5 -4 -4 -3 -2 -1 ------- Run | Scr Mat Min Exi Min Mat Fac DSF Fac Fac Upp Upp War Pro Fac Res Res Acc Combat Hostiles Destroyed 133 | . 10 8 . 2 20 . 2 4 1 10 9 . 22 17 23 . 5 Melee 20 | . . . . . . . . . . . . . . 5 12 . 3 Guns 23 | . 2 8 . 2 . . . . . 1 2 . 3 3 2 . . Cannons 69 | . . . . . 20 . 2 4 1 8 7 . 12 7 8 . . AOE 14 | . 8 . . . . . . . . . . . 6 . . . . Classes Destroyed 17 | . 4 . . . 4 . 1 2 . 2 . . 1 . 2 . 1 Worker 6 | . . . . . . . . 1 . . . . . 2 1 1 1 Builder 8 | . 1 . . . 2 . . . . . . . . 2 1 . 2 Tunneler 1 | . . . . . . . . . . . . . . . 1 . . Hauler 2 | . 1 . . . . . . . . . . . . . 1 . . Recycler 11 | . . . . . 2 . . . . . . . . 4 4 1 . Mechanic 1 | . . . . . . . . . . . . . . . 1 . . Watcher 3 | . . . . . . . . 1 . . . . . . 2 . . Swarmer 42 | . 6 6 . . 3 . . . . 8 6 . 10 . 3 . . Grunt 41 | . 4 2 . 2 14 . 1 1 . . 2 . 5 6 4 . . Brawler 3 | . . . . . 1 . . 1 . . . . 1 . . . . Duelist 1 | . . . . . 1 . . . . . . . . . . . . Sentry 9 | . . . . . 1 . . 2 1 . 1 . 2 1 1 . . Hunter 6 | . . . . . . . . . . . . . 4 . . . 2 Programmer 28 | . . . . . . . . . . 1 . . . 10 15 . 2 Heavy 1 | . . . . . . . 1 . . . . . . . . . . Behemoth 1 | . . . . . . . . . . 1 . . . . . . . Mutant 1 | . . . . . . . . . . . . . . . . . 1 Best Kill Streak 15 | . 6 3 . 2 15 . 1 4 1 4 7 . 6 3 4 2 3 Combat Bots Only 11 | . 5 3 . 2 11 . 1 3 1 4 7 . 6 2 3 . 3 Max Kills in Single Turn 3 | . 3 1 . 1 1 . 1 1 1 1 2 . 2 2 1 1 1 Gunslinging . | . . . . . . . . . . . . . . . . . . Exploded 3 | . 3 . . . . . . . . . . . 2 . . . . Melee 1 | . . . . . . . . . . . . . . 1 1 . 1 Uniques/NPCs Destroyed . | . . . . . . . . . . . . . . . . . . Combat | -11 -10 -10 -10 -9 -8 -7 -7 -6 -5 -5 -5 -5 -4 -4 -3 -2 -1 -------- Run | Scr Mat Min Exi Min Mat Fac DSF Fac Fac Upp Upp War Pro Fac Res Res Acc Damage Taken 20526 | . 255 297 . 250 375 . 170 188 73 1021 352 . 1800 3029 5181 259 7276 Core 3285 | . 56 49 . 55 76 . 12 6 . 159 28 . 187 679 358 . 1620 Absorbed by Shields 424 | . . . . . . . . . . 54 35 . 82 223 30 . . Redirected to Shielding 511 | . . 26 . 3 45 . 35 61 31 88 . . . 7 215 . . Regen/Repaired (Parts) 104 | . . . . . . 104 . . . . . . . . . . . Core Remaining (%) 77 | 100 . . . 36 86 . 98 99 . . . . 62 40 72 100 . Volleys Fired 200 | . 25 20 . 5 1 . . 3 2 19 10 . 34 40 40 . 1 Largest 4 | . 2 2 . 2 1 . . 1 1 3 1 . 4 4 3 . 2 Hottest 368 | . 50 85 . 85 39 . . 25 53 151 81 . 330 368 254 . 233 Shots Fired 612 | . 31 40 . 10 56 . 19 21 5 57 31 . 115 132 90 2 3 Gun 246 | . 25 40 . 10 . . 1 3 . 20 10 . 44 69 22 2 . Cannon 345 | . . . . . 55 . 18 18 5 37 21 . 57 63 68 . 3 Launcher 20 | . 6 . . . 1 . . . . . . . 13 . . . . Special 1 | . . . . . . . . . . . . . 1 . . . . Kinetic 374 | . 25 27 . 5 55 . 19 21 5 26 22 . 80 51 38 . . Thermal 152 | . . 13 . 5 . . . . . 31 9 . 1 69 22 . 2 Explosive 6 | . 6 . . . . . . . . . . . . . . . . Electromagnetic 47 | . . . . . 1 . . . . . . . 13 . 30 2 1 Entropic 33 | . . . . . . . . . . . . . 21 12 . . . Robot Hit Streak 12 | . 9 8 . 5 6 . 6 6 5 8 7 . 12 9 11 1 2 Robot Miss Streak 5 | . 4 3 . 4 3 . 1 2 1 4 2 . 5 4 2 1 1 Penetration Max 1 | . . . . . . . . . . . . . . 1 . . . Secondary Targets 3 | . . 3 . . . . . . . . . . . . . . . Max Gunslinging Chain 1 | . . 1 . . . . . . . . . . . . . . . Autonomous 160 | . . . . . 55 . 18 18 3 24 21 . 21 . . . . Shots Hit Robots 479 | . 16 25 . 5 35 . 12 16 4 37 24 . 62 83 117 3 40 Core Hits 200 | . 15 14 . 5 17 . 2 5 1 11 7 . 36 39 39 . 9 Critical Kills 5 | . . . . . . . . . . . . . . 1 3 . 1 Critical Parts Destroyed 25 | . . . . . . . . . . . . . . 2 9 1 13 Critical Strikes 87 | . . . . 1 2 . 1 1 1 6 4 . 9 13 33 1 15 Burn 3 | . . . . 1 . . . . . . . . . 2 . . . Destroy 7 | . . . . . . . . . . . . . . 3 4 . . Blast 29 | . . . . . 2 . 1 1 1 6 4 . 4 1 9 . . Corrupt 5 | . . . . . . . . . . . . . . . 4 . 1 Smash 23 | . . . . . . . . . . . . . . . 8 1 14 Sever 3 | . . . . . . . . . . . . . . 3 . . . Impale 9 | . . . . . . . . . . . . . . 1 8 . . Sunder 8 | . . . . . . . . . . . . . 5 3 . . . Melee Attacks 215 | . . . . . . . . . . . . . . 51 96 4 64 Impact 82 | . . . . . . . . . . . . . . . 20 4 58 Slashing 46 | . . . . . . . . . . . . . . 36 4 . 6 Piercing 84 | . . . . . . . . . . . . . . 12 72 . . Sneak Attacks 17 | . . . . . . . . . . . . . . 1 9 2 5 Combat Hostiles . | . . . . . . . . . . . . . . . . . . Follow-up Attacks 45 | . . . . . . . . . . . . . . 3 22 . 20 Damage Inflicted 24045 | . 575 311 . 98 3533 . 900 993 220 2203 1541 . 3591 3437 4437 257 1949 Guns 2777 | . 199 306 . 80 . . . 54 . 210 190 . 380 920 402 36 . Cannons 14534 | . . . . . 3502 . 900 939 214 1985 1351 . 2272 1717 1605 . 49 Explosions 1315 | . 376 . . . . . . . . . . . 939 . . . . Melee 5328 | . . . . . . . . . . . . . . 798 2430 202 1898 Ramming 91 | . . 5 . 18 31 . . . 6 8 . . . 2 . 19 2 Kinetic 12648 | . 199 148 . 34 3502 . 900 993 214 1835 1374 . 1907 589 953 . . Thermal 2476 | . . 158 . 46 . . . . . 360 167 . 43 1258 402 . 42 Explosive 376 | . 376 . . . . . . . . . . . . . . . . Electromagnetic 1591 | . . . . . . . . . . . . . 896 . 652 36 7 Impact 2829 | . . . . . . . . . . . . . . . 864 202 1763 Slashing 732 | . . . . . . . . . . . . . . 520 77 . 135 Piercing 1767 | . . . . . . . . . . . . . . 278 1489 . . Entropic 1535 | . . . . . . . . . . . . . 745 790 . . . Highest Corruption 46 | . . . . . . 1 1 . . 1 1 1 . 14 46 23 20 Average Corruption 10 | . . . . . . 1 1 . . 1 1 1 . 6 24 15 4 Corruption Purged . | . . . . . . . . . . . . . . . . . . Corruption Blocked 49 | . . . . . . . . . . . . . . . . 34 15 Effects 163 | . . . . . . 3 2 . . 8 1 . . 38 70 28 13 Message Errors 42 | . . . . . . 1 1 . . 3 . . . 10 16 8 3 Matter Fused 39 | . . . . . . 1 . . . 2 . . . 14 14 5 3 Heat Flow Errors 23 | . . . . . . 1 . . . . . . . 4 14 3 1 Energy Discharges 14 | . . . . . . . . . . . 1 . . 4 6 1 2 Parts Rejected 1 | . . . . . . . . . . . . . . 1 . . . Data Loss (minor) 21 | . . . . . . . . . . 2 . . . 3 9 5 2 Data Loss (major) 7 | . . . . . . . . . . . . . . . 4 3 . Misfires 7 | . . . . . . . 1 . . 1 . . . 2 . 2 1 Alerts 1 | . . . . . . . . . . . . . . . . 1 . Misdirections 2 | . . . . . . . . . . . . . . . 1 . 1 Weapon Failures 6 | . . . . . . . . . . . . . . . 6 . . Overload Shots . | . . . . . . . . . . . . . . . . . . Overflow Damage 3584 | . 12 . . . 530 . 83 119 1 435 165 . 272 192 772 177 826 Projectiles 1826 | . . . . . 530 . 83 119 1 435 165 . 262 135 96 . . Explosions 22 | . 12 . . . . . . . . . . . 10 . . . . Melee 1736 | . . . . . . . . . . . . . . 57 676 177 826 Knockbacks 79 | . . . . . 11 . 7 3 1 6 5 . 5 8 16 2 15 Impact 19 | . . . . . . . . . . . . . . . 4 2 13 Kinetic 51 | . . . . . 11 . 6 2 1 5 3 . 5 7 11 . . Secondary 9 | . . . . . . . 1 1 . 1 2 . . 1 1 . 2 Self-Inflicted Damage 106 | . 18 . . . . . . . 3 4 . . 80 1 . . . Shots 4 | . 1 . . . . . . . . . . . 3 . . . . Rammed 5 | . . . . . . . . . 1 1 . . . 1 . 2 . Targets Rammed 16 | . 1 2 . 3 4 . . . 1 1 . . . 1 . 2 1 Kicked 11 | . 1 2 . 3 4 . . . . . . . . . . . 1 Crushed . | . . . . . . . . . . . . . . . . . . Highest Temperature 661 | . 2 186 . 211 . 257 . 3 4 389 117 . 536 661 478 242 168 Average Temperature 139 | . 2 80 . 116 . 132 . 3 2 136 51 . 140 211 116 104 72 Received Heat Transfer 1583 | . 84 63 . 51 198 . 18 57 18 78 83 . 51 630 105 45 102 Effects 35 | . . . . . . . . . . 2 . . 2 26 5 . . Shutdowns 13 | . . . . . . . . . . 1 . . 1 9 2 . . Energy Bleed 2 | . . . . . . . . . . . . . 1 1 . . . Interference 11 | . . . . . . . . . . . . . . 9 2 . . Matter Decay 3 | . . . . . . . . . . . . . . 2 1 . . Short Circuit 3 | . . . . . . . . . . . . . . 3 . . . Damage (minor) 2 | . . . . . . . . . . 1 . . . 1 . . . Damage (core) 1 | . . . . . . . . . . . . . . 1 . . . Siege Activations . | . . . . . . . . . . . . . . . . . . Robots Corrupted 1 | . . . . . . . . . . . . . 1 . . . . Combat Hostiles 1 | . . . . . . . . . . . . . 1 . . . . Parts Fried 27 | . . . . . . . . . . . . . 4 . 10 5 8 Impact Corruptions 49 | . . . . . . . . . . 1 . . . . 14 5 29 Robots Melted 3 | . . . . . . . . . . 1 . . . 2 . . . Combat Hostiles 3 | . . . . . . . . . . 1 . . . 2 . . . Parts Melted 6 | . . . . 1 . . . . . . . . . 2 2 . 1 Heat Transferred 3227 | . . 370 . 185 . . . . . 592 259 . 50 1290 444 . 37 Parts Sabotaged . | . . . . . . . . . . . . . . . . . . Parts Stolen . | . . . . . . . . . . . . . . . . . . Parts Stripped . | . . . . . . . . . . . . . . . . . . Power Chain Reactions 3 | . . . . . . . . . . . . . 3 . . . . Missiles Intercepted . | . . . . . . . . . . . . . . . . . . Alert | -11 -10 -10 -10 -9 -8 -7 -7 -6 -5 -5 -5 -5 -4 -4 -3 -2 -1 ------- Run | Scr Mat Min Exi Min Mat Fac DSF Fac Fac Upp Upp War Pro Fac Res Res Acc Peak Influence 503 | . 284 280 . 80 503 198 57 201 137 . . . . 207 290 172 86 Initial 176 | . . 110 . . 31 176 . 29 98 . . . . 31 74 162 8 Average 100 | . 85 210 . 77 258 184 23 97 119 . . . . 60 119 53 25 Maximum Alert Level 2 | . 1 1 . . 2 . . 1 . . . . . 1 1 . . Low Security (%) 85 | 100 87 47 . 100 40 100 100 75 100 . . . . 97 75 100 100 Level 1 13 | . 12 52 . . 49 . . 24 . . . . . 2 24 . . Level 2 . | . . . . . 9 . . . . . . . . . . . . Level 3 . | . . . . . . . . . . . . . . . . . . Level 4 . | . . . . . . . . . . . . . . . . . . Level 5 . | . . . . . . . . . . . . . . . . . . High Security . | . . . . . . . . . . . . . . . . . . Max Security . | . . . . . . . . . . . . . . . . . . Squads Dispatched 34 | . 1 . . . 3 . 2 3 . . . . . 8 9 1 7 Investigation 3 | . . . . . 2 . . 1 . . . . . . . . . Extermination 13 | . . . . . . . . . . . . . . 5 6 . 2 Reinforcement 13 | . 1 . . . 1 . 2 . . . . . . 1 2 1 5 Assault . | . . . . . . . . . . . . . . . . . . Garrison 5 | . . . . . . . . 2 . . . . . 2 1 . . Intercept . | . . . . . . . . . . . . . . . . . . Searches Triggered . | . . . . . . . . . . . . . . . . . . Construction Impeded 1 | . . . . . . . . . . . . . . . . . 1 Haulers Reinforced 1 | . . . . . . . . . . . . . . . . . 1 Active Scanning Responses . | . . . . . . . . . . . . . . . . . . Cargo Convoy Interrupts . | . . . . . . . . . . . . . . . . . . Stealth | -11 -10 -10 -10 -9 -8 -7 -7 -6 -5 -5 -5 -5 -4 -4 -3 -2 -1 --------- Run | Scr Mat Min Exi Min Mat Fac DSF Fac Fac Upp Upp War Pro Fac Res Res Acc Distress Signals 10 | . 1 . . . . . . 1 . . . . . . . 6 2 Communications Jammed . | . . . . . . . . . . . . . . . . . . Distress Signals . | . . . . . . . . . . . . . . . . . . Times Spotted 184 | . 14 8 . 4 18 . 5 6 1 11 13 . 24 22 26 1 31 Peak Tracking Total 16 | . 7 3 . 2 4 . 4 4 1 4 7 . 7 4 4 1 16 Tactical Retreats 14 | . 1 . . . 2 . . 1 . 1 . . 2 1 3 . 3 Traps | -11 -10 -10 -10 -9 -8 -7 -7 -6 -5 -5 -5 -5 -4 -4 -3 -2 -1 ------- Run | Scr Mat Min Exi Min Mat Fac DSF Fac Fac Upp Upp War Pro Fac Res Res Acc Traps Triggered 9 | . . . . . 1 1 1 4 . . . . . 1 1 . . Indirectly . | . . . . . . . . . . . . . . . . . . Trap Hack Attempts . | . . . . . . . . . . . . . . . . . . Triggered . | . . . . . . . . . . . . . . . . . . Disarmed . | . . . . . . . . . . . . . . . . . . Reprogrammed . | . . . . . . . . . . . . . . . . . . Reused . | . . . . . . . . . . . . . . . . . . Traps Extracted . | . . . . . . . . . . . . . . . . . . Installed . | . . . . . . . . . . . . . . . . . . Triggered 12 | . . . . . . . . . . . 1 10 . . 1 . . Machines | -11 -10 -10 -10 -9 -8 -7 -7 -6 -5 -5 -5 -5 -4 -4 -3 -2 -1 ---------- Run | Scr Mat Min Exi Min Mat Fac DSF Fac Fac Upp Upp War Pro Fac Res Res Acc Machines Disabled 10 | . . . . 1 1 . . . . . . . 2 5 1 . . Max in Single Turn 1 | . . . . 1 1 . . . . . . . 1 1 1 . . Machines Sabotaged . | . . . . . . . . . . . . . . . . . . Garrisons Compromised . | . . . . . . . . . . . . . . . . . . Overloaded Fab Kills . | . . . . . . . . . . . . . . . . . . Hacking | -11 -10 -10 -10 -9 -8 -7 -7 -6 -5 -5 -5 -5 -4 -4 -3 -2 -1 --------- Run | Scr Mat Min Exi Min Mat Fac DSF Fac Fac Upp Upp War Pro Fac Res Res Acc Machines Accessed 16 | . 2 . . . 2 3 . 1 . . . 3 . 4 1 . . Terminals 8 | . 2 . . . 1 2 . . . . . . . 3 . . . Fabricators 1 | . . . . . . . . 1 . . . . . . . . . Repair Stations 3 | . . . . . . 1 . . . . . . . 1 1 . . Recycling Units 1 | . . . . . 1 . . . . . . . . . . . . Scanalyzers . | . . . . . . . . . . . . . . . . . . Garrison Access . | . . . . . . . . . . . . . . . . . . Total Hacks 24 | . 3 . . . 5 5 . 1 . . . 4 . 5 1 . . Successful 16 | . 2 . . . 2 4 . 1 . . . 4 . 3 . . . Failed 8 | . 1 . . . 3 1 . . . . . . . 2 1 . . Catastrophic 1 | . . . . . . . . . . . . . . . 1 . . Database Lockouts . | . . . . . . . . . . . . . . . . . . Manual 1 | . . . 1 . . . . . . . . . . . . . . Terminals 12 | . 3 . . . 2 3 . . . . . . . 4 . . . Fabricators 1 | . . . . . . . . 1 . . . . . . . . . Repair Stations 4 | . . . . . . 2 . . . . . . . 1 1 . . Recycling Units 3 | . . . . . 3 . . . . . . . . . . . . Scanalyzers . | . . . . . . . . . . . . . . . . . . Garrison Access . | . . . . . . . . . . . . . . . . . . Terminal Hacks 11 | . 2 . . . 1 2 . . . . . 4 . 2 . . . Record 2 | . . . . . . . . . . . . 2 . . . . . Prototype ID Bank 1 | . . . . . . . . . . . . . . 1 . . . Open Door 2 | . . . . . . . . . . . . 2 . . . . . Open DSF 2 | . . . . . . 1 . . . . . . . 1 . . . Alert Level 1 | . . . . . . 1 . . . . . . . . . . . Unreport Threat 1 | . 1 . . . . . . . . . . . . . . . . Locate Traps 1 | . . . . . 1 . . . . . . . . . . . . Dispatch Records 1 | . 1 . . . . . . . . . . . . . . . . Fabricator Hacks 1 | . . . . . . . . 1 . . . . . . . . . Network Status 1 | . . . . . . . . 1 . . . . . . . . . Repair Station Hacks 3 | . . . . . . 2 . . . . . . . 1 . . . Scan Component 2 | . . . . . . 1 . . . . . . . 1 . . . Repair 1 | . . . . . . 1 . . . . . . . . . . . Recycling Unit Hacks 1 | . . . . . 1 . . . . . . . . . . . . Report Inventory 1 | . . . . . 1 . . . . . . . . . . . . Scanalyzer . | . . . . . . . . . . . . . . . . . . Garrison Access Hacks . | . . . . . . . . . . . . . . . . . . Unauthorized Hacks . | . . . . . . . . . . . . . . . . . . Terminals . | . . . . . . . . . . . . . . . . . . Fabricators . | . . . . . . . . . . . . . . . . . . Repair Stations . | . . . . . . . . . . . . . . . . . . Recycling Units . | . . . . . . . . . . . . . . . . . . Scanalyzers . | . . . . . . . . . . . . . . . . . . Garrison Access . | . . . . . . . . . . . . . . . . . . Data Cores Recovered . | . . . . . . . . . . . . . . . . . . Used . | . . . . . . . . . . . . . . . . . . Hacking Detections 5 | . . . . . 1 2 . . . . . . . 1 1 . . Full Trace Events 1 | . . . . . 1 . . . . . . . . . . . . Feedback Events . | . . . . . . . . . . . . . . . . . . Feedback Blocked . | . . . . . . . . . . . . . . . . . . Robot Schematics Acquired . | . . . . . . . . . . . . . . . . . . Robots Built . | . . . . . . . . . . . . . . . . . . Authchips . | . . . . . . . . . . . . . . . . . . Time . | . . . . . . . . . . . . . . . . . . Total Robot Build Rating . | . . . . . . . . . . . . . . . . . . Part Schematics Acquired . | . . . . . . . . . . . . . . . . . . Parts Built . | . . . . . . . . . . . . . . . . . . Authchips . | . . . . . . . . . . . . . . . . . . Time . | . . . . . . . . . . . . . . . . . . Total Part Build Rating . | . . . . . . . . . . . . . . . . . . Parts Repaired 1 | . . . . . . 1 . . . . . . . . . . . Time 30 | . . . . . . 30 . . . . . . . . . . . Parts Recycled . | . . . . . . . . . . . . . . . . . . Recycled Matter . | . . . . . . . . . . . . . . . . . . Retrieved Matter . | . . . . . . . . . . . . . . . . . . Retrieved Components . | . . . . . . . . . . . . . . . . . . Parts Scanalyzed . | . . . . . . . . . . . . . . . . . . Part Schematics Acquired . | . . . . . . . . . . . . . . . . . . Parts Damaged . | . . . . . . . . . . . . . . . . . . Bothacking | -11 -10 -10 -10 -9 -8 -7 -7 -6 -5 -5 -5 -5 -4 -4 -3 -2 -1 ------------ Run | Scr Mat Min Exi Min Mat Fac DSF Fac Fac Upp Upp War Pro Fac Res Res Acc Used RIF Installer . | . . . . . . . . . . . . . . . . . . Robots Hacked . | . . . . . . . . . . . . . . . . . . Non-combat . | . . . . . . . . . . . . . . . . . . Combat . | . . . . . . . . . . . . . . . . . . Robot Hacks Applied . | . . . . . . . . . . . . . . . . . . Relay Couplers Released 4 | . . . . . . . . . . . . . . . . 4 . Programmers 4 | . . . . . . . . . . . . . . . . 4 . Fabnet Peak Effective % . | . . . . . . . . . . . . . . . . . . Robots Rewired . | . . . . . . . . . . . . . . . . . . Allies Hacked . | . . . . . . . . . . . . . . . . . . Hacks Repelled . | . . . . . . . . . . . . . . . . . . Allies | -11 -10 -10 -10 -9 -8 -7 -7 -6 -5 -5 -5 -5 -4 -4 -3 -2 -1 -------- Run | Scr Mat Min Exi Min Mat Fac DSF Fac Fac Upp Upp War Pro Fac Res Res Acc Total Allies 2 | . . 2 . . . . . . . . . . . . . . . Largest Group 2 | . . 2 1 . . . . . . . . . . . . . . Highest-Rated Group 47 | . . 47 31 . . . . . . . . . . . . . . Highest-Rated Ally 31 | . . 31 31 . . . . . . . . . . . . . . Total Orders . | . . . . . . . . . . . . . . . . . . Ally Attacks . | . . . . . . . . . . . . . . . . . . Total Damage . | . . . . . . . . . . . . . . . . . . Kills . | . . . . . . . . . . . . . . . . . . Allies Corrupted . | . . . . . . . . . . . . . . . . . . Allies Melted 2 | . . . . . . . . . . . . . . . . 2 . Intel | -11 -10 -10 -10 -9 -8 -7 -7 -6 -5 -5 -5 -5 -4 -4 -3 -2 -1 ------- Run | Scr Mat Min Exi Min Mat Fac DSF Fac Fac Upp Upp War Pro Fac Res Res Acc Robot Analysis Total . | . . . . . . . . . . . . . . . . . . Derelict Logs Recovered 4 | . . 1 . . . . . . . 2 . . 1 . . . . Drone Launches . | . . . . . . . . . . . . . . . . . . Drone Recoveries . | . . . . . . . . . . . . . . . . . . Exploration | -11 -10 -10 -10 -9 -8 -7 -7 -6 -5 -5 -5 -5 -4 -4 -3 -2 -1 ------------- Run | Scr Mat Min Exi Min Mat Fac DSF Fac Fac Upp Upp War Pro Fac Res Res Acc Turns Passed 12773 | 59 268 294 314 298 681 402 132 311 74 1479 236 1132 864 1905 2294 1252 778 Spaces Moved 8535 | 45 162 186 259 228 326 188 90 256 51 1369 203 949 541 1279 1430 550 423 Core 134 | 5 . . . . . . 1 . . . . . 20 52 . . 56 Treads 1332 | . . . . . . . . . . . . . . . 629 364 339 Legs 1465 | 40 162 186 259 228 326 188 8 . . . . . . 63 . . 5 Wheels 3906 | . . . . . . . 81 256 51 1369 203 949 521 429 37 10 . Hover 208 | . . . . . . . . . . . . . . 6 3 176 23 Flight 1490 | . . . . . . . . . . . . . . 729 761 . . Fastest Speed 29 | 50 120 120 120 120 120 190 115 115 100 100 100 115 100 34 29 162 50 Average Speed 125 | 112 120 120 120 120 198 190 135 115 113 100 104 115 139 111 102 218 144 Slowest Speed 1400 | 120 120 190 120 120 260 190 1350 115 115 115 115 115 1000 1400 420 400 1200 Overloaded Moves . | . . . . . . . . . . . . . . . . . . Propulsion Burnouts . | . . . . . . . . . . . . . . . . . . Robots Hopped . | . . . . . . . . . . . . . . . . . . Cave-ins Triggered 1 | . . . . . . . . . . . . . . 1 . . . Exploration Rate (%) 36 | 4 35 38 52 34 22 8 89 10 2 98 25 95 60 21 27 19 13 Regions Visited 17 Branch Regions 7 Pre-discovered Areas 1 | . . . . . . . . . . . . . 1 . . . . Known Exits Taken 4 | . . . . . . 1 . . 1 1 1 . . . . . . Unknown Exits Taken 12 | 1 1 1 1 1 1 . . 1 . . . 1 1 1 1 1 . Scrap Searched 7 | . . 1 . 1 . . . . . 3 1 . 1 . . . . Spaces Dug 29 | . . . . . . . . . . . . . . 21 5 . 3 Terrain Destroyed 238 | . 43 . . . 13 . 7 5 2 4 3 . 88 53 16 . 4 Melee 29 | . . . . . . . . . . . . . . 21 5 . 3 Projectile 132 | . . . . . 13 . 7 5 2 4 3 . 54 32 11 . 1 AOE 77 | . 43 . . . . . . . . . . . 34 . . . . Terrain Rammed . | . . . . . . . . . . . . . . . . . . Walls Destroyed . | . . . . . . . . . . . . . . . . . . Machines Disabled . | . . . . . . . . . . . . . . . . . . Actions | -11 -10 -10 -10 -9 -8 -7 -7 -6 -5 -5 -5 -5 -4 -4 -3 -2 -1 --------- Run | Scr Mat Min Exi Min Mat Fac DSF Fac Fac Upp Upp War Pro Fac Res Res Acc Total 10002 | 50 204 219 263 246 360 234 102 270 65 1445 218 991 595 1587 2039 601 513 Wait 552 | . 4 3 . . 1 31 . . . 12 1 24 1 109 349 . 17 Move 8517 | 44 161 185 258 227 325 187 89 255 50 1368 202 948 540 1277 1429 549 423 Hop . | . . . . . . . . . . . . . . . . . . Pick Up 126 | . 7 . 2 2 7 2 2 5 3 14 1 4 4 15 39 13 6 Fast Attach 111 | 6 1 3 . . 4 5 3 2 3 3 1 3 1 33 26 10 7 Attach 113 | . 1 2 1 . 5 2 . 1 2 11 2 1 7 23 30 4 21 Detach 56 | . 1 1 . . 3 2 . 1 1 4 . 3 1 16 15 3 5 Swap 34 | . 2 . . 4 4 1 . 1 . 1 . 1 1 7 9 1 2 Drop 128 | . 1 3 2 5 6 4 8 2 3 10 1 4 6 17 38 17 1 Fire 200 | . 25 20 . 5 1 . . 3 2 19 10 . 34 40 40 . 1 Melee 143 | . . . . . . . . . . . . . . 48 64 2 29 Ram 3 | . . . . . . . . . 1 1 . . . 1 . . . Kick 11 | . 1 2 . 3 4 . . . . . . . . . . . 1 Crush 2 | . . . . . . . . . . . . . . . . 2 . Escape Stasis 1 | . . . . . . . . . . . . . . 1 . . . Rewire 5 | . . . . . . . . . . 2 . 3 . . . . . Trap . | . . . . . . . . . . . . . . . . . . Miscellaneous . | . . . . . . . . . . . . . . . . . . Route ------- -11/Scrapyard -10/Materials -10/Mines (discovered 2 exits: [*Mat] / *Exi) -10/Exiles -9/Mines -8/Materials -7/Factory -7/DSF -6/Factory -5/Factory -5/Upper Caves -5/Upper Caves -5/Warlord -4/Proximity Caves -4/Factory -3/Research -2/Research -1/Access History --------- Turn | Location | Event 8 | -11/Scrapyard | Discovered new exit (range 15) 60 | -11/Scrapyard | Entered Materials 300 | -10/Materials | Discovered new exit (range 15) 328 | -10/Materials | Entered Mines 350 | -10/Mines | Build established: Mutant 528 | -10/Mines | Discovered new exit (range 5) 615 | -10/Mines | Deemed a non-threat by the Exiles lab entrance 616 | -10/Mines | Discovered new exit (range 5) 622 | -10/Mines | Entered Exiles 622 | -10/Exiles | Accompanied by 1 ally 638 | -10/Exiles | Discovered new exit (range 15) 652 | -10/Exiles | Led the pair of lost Derelicts to a safe place 652 | -10/Exiles | Met 8R-AWN 672 | -10/Exiles | Met EX-HEX 704 | -10/Exiles | Met EX-BIN 721 | -10/Exiles | Aligned with FarCom system 722 | -10/Exiles | Given EX-Vault access code 752 | -10/Exiles | Opened EX-Vault 765 | -10/Exiles | Found Prototype Ballistic Cannon 796 | -10/Exiles | Warned to stay clear of 0b10 Research branches 834 | -10/Exiles | Met EX-DEC 936 | -10/Exiles | Left Exiles lab with AWS/Autocannon 936 | -10/Exiles | Entered Mines 1018 | -9/Mines | Met a Derelict bent on vengeance 1033 | -9/Mines | Discovered new exit (range 3) 1057 | -9/Mines | Build established: Scavenger-Mutant 1172 | -9/Mines | Assembled infested the area 1177 | -9/Mines | Assisted by a Guerilla fighting off Assembled 1233 | -9/Mines | Core integrity fell below 50% 1234 | -9/Mines | Entered Materials 1234 | -8/Materials | Evolved 4 slots: Propulsion x2, Utility x1, Weapon x1 1237 | -8/Materials | Identified AWS/Autocannon 1605 | -8/Materials | Destroyed 11 combat bots 1830 | -8/Materials | Discovered new exit (range 5) 1904 | -8/Materials | Build established: Scavenger-Skirmisher 1915 | -8/Materials | Entered Factory 1915 | -7/Factory | Evolved 2 slots: Utility x1, Weapon x1 2171 | -7/Factory | Repaired Enh. Autogun 2315 | -7/Factory | Identified exit to DSF 2317 | -7/Factory | Entered DSF 2325 | -7/DSF | Build established: Skirmisher 2363 | -7/DSF | Additional patrols routed to DSF 2432 | -7/DSF | Discovered new exit (range 16) 2449 | -7/DSF | Entered Factory 2449 | -6/Factory | Evolved 2 slots: Propulsion x2 2594 | -6/Factory | Garrison activated, responded to threat 2751 | -6/Factory | Discovered new exit (range 8) 2760 | -6/Factory | Entered another Factory area 2760 | -5/Factory | Evolved 2 slots: Propulsion x1, Utility x1 2790 | -5/Factory | Discovered new exit (range 13) 2832 | -5/Factory | Identified exit to Upper Caves 2834 | -5/Factory | Entered Upper Caves 3255 | -5/Upper Caves | Encountered a Warlord checkpoint 3703 | -5/Upper Caves | Learned 8 Factory zone layouts 3770 | -5/Upper Caves | Spotted B-75 Beast 3791 | -5/Upper Caves | Destroyed B-75 Beast 4299 | -5/Upper Caves | Discovered new exit (range 9) 4312 | -5/Upper Caves | Identified exit to Upper Caves 4313 | -5/Upper Caves | Entered another Upper Caves area 4314 | -5/Upper Caves | Identified exit to Warlord 4450 | -5/Upper Caves | Attracted the attention of an 0b10 base 4501 | -5/Upper Caves | Destroyed 7 combat bots 4549 | -5/Upper Caves | Entered Warlord 4610 | -5/Warlord | System corruption cleaned by Quarantine Array 4798 | -5/Warlord | Build established: Tank 4903 | -5/Warlord | Opened side exit 4923 | -5/Warlord | Discovered new exit (range 15) 5100 | -5/Warlord | Build established: Derelict-Tank 5197 | -5/Warlord | Met Warlord 5222 | -5/Warlord | Warlord's base attacked by MAIN.C 5399 | -5/Warlord | Found Prototype Energy Cannon 5402 | -5/Warlord | Found Prototype Energy Cannon 5572 | -5/Warlord | Warlord forces counterattacked 5681 | -5/Warlord | Entered Proximity Caves 5969 | -4/Proximity Caves | Attracted the attention of an 0b10 outpost 6211 | -4/Proximity Caves | Build established: Derelict-Gunner 6310 | -4/Proximity Caves | Identified Vortex Driver (x2) 6332 | -4/Proximity Caves | Discovered new exit (range 10) 6402 | -4/Proximity Caves | Lost 9 parts (4n3u2w) 6545 | -4/Proximity Caves | Entered Factory 6545 | -4/Factory | Evolved 2 slots: Power x1, Utility x1 6844 | -4/Factory | Build established: Skirmisher 7505 | -4/Factory | Build established: Scavenger-Skirmisher 7655 | -4/Factory | Garrison activated, responded to threat 7727 | -4/Factory | Lost 3 parts (1n1u1w) 7901 | -4/Factory | Lost 19 parts (1p7n5u6w) 8103 | -4/Factory | Spotted B-86 Titan 8247 | -4/Factory | Spotted B-86 Titan 8260 | -4/Factory | Crushed by falling debris 8261 | -4/Factory | System corruption reached 10% 8282 | -4/Factory | Core integrity fell below 50% 8283 | -4/Factory | Build established: Mutant 8413 | -4/Factory | Garrison activated, responded to threat 8442 | -4/Factory | Discovered new exit (range 12) 8450 | -4/Factory | Entered Research 8450 | -3/Research | Evolved 2 slots: Propulsion x1, Utility x1 9309 | -3/Research | System corruption reached 10% 9314 | -3/Research | Lost 5 parts (1p2n1u1w) 9882 | -3/Research | Build established: Skirmisher 9953 | -3/Research | Found Prototype Processor 9955 | -3/Research | Identified Exp. Target Analyzer 9958 | -3/Research | Found Exp. Target Analyzer 9964 | -3/Research | Found Exp. Target Analyzer 10146 | -3/Research | System corruption reached 30% 10188 | -3/Research | Lost 3 parts (2n1w) 10267 | -3/Research | Build established: Scavenger-Mutant 10348 | -3/Research | Lost 6 parts (1p3n1u1w) 10633 | -3/Research | Garrison activated, responded to threat 10725 | -3/Research | Discovered new exit (range 9) 10744 | -3/Research | Entered another Research area 10744 | -2/Research | Warlord forces began assault on 0b10 10744 | -2/Research | Evolved 2 slots: Utility x1, Weapon x1 10854 | -2/Research | Research machine network offline 11017 | -2/Research | Met up with Warlord 11082 | -2/Research | Borebot progress halted 11470 | -2/Research | Warlord destroyed during the assault 11474 | -2/Research | Borebot progress halted 11529 | -2/Research | Borebot progress halted 11633 | -2/Research | System corruption reached 10% 11943 | -2/Research | Discovered new exit (range 10) 11996 | -2/Research | Entered Access 11996 | -1/Access | Evolved 2 slots: Utility x1, Weapon x1 12138 | -1/Access | Lost 3 parts (1n1u1w) 12299 | -1/Access | Lost 3 parts (2u1w) 12714 | -1/Access | System corruption reached 10% 12714 | -1/Access | Released all parts (7) 12717 | -1/Access | Core integrity fell below 50% 12749 | -1/Access | Lost 22 parts (4p7n5u6w) 12766 | -1/Access | Released all parts (4) 12767 | -1/Access | Core integrity fell below 20% 12774 | -1/Access | Destroyed by S-43 Plague with Heavy Machine Gun Last Messages --------------- 12743_ Acquired Cmb. Gravmag System. 12745_ Slug penetrates Wall. 12745_ Acquired Cmb. Gravmag System. 12746_ ALERT: Rogue bot located, Programmers report to Access Zone 6D. 12746_ Slug penetrates Wall. 12748_ Acquired Cmb. Gravmag System. 12748_ Slug penetrates Wall. 12751_ U-05 Engineer destroyed. 12752_ Slug penetrates Wall. 12753_ Acquired Enh. Nova Cannon. 12755_ Slug penetrates Wall. 12759_ ALERT: Suspicious intruders detected, dispatching Cutter reinforcements to area. 12759_ Slug penetrates Wall. 12764_ System corrupted: Component data lost. 12766_ Released Cmb. Gravmag System. 12766_ Released Enh. Nova Cannon. 12767_ Penetrated by Slug. [Achievement: 10k Club] [Achievement: Just Browsing] Map ----- +----------------------------------------------------+ | ?????????????????????????????????????????????????? | | ?????????????????????????????????????????????????? | | ?????????????????????????????????????????????????? | | ?????????????????????????????????????????????????? | | ?????????????????????????????????????????????????? | | ?????????????????????????????????????????????????? | | ?????????????????????????????????????????????????? | | ?????????????????????????????????????????????????? | | ?????????????????????????????????????????????????? | | ?????????????????????????????????????????????????? | | ??????????????????????????? ????????????????????? | | ??????????????????????????? s#???????????????????? | | ??????????????????????????? #???????????????????? | | ??????????????????????????? #???????????????????? | | ???????????????????????????ss#???????????????????? | | ???????????????????????????ss#???????????????????? | | ??????????????????????????? k#???????????????????? | | ???????????????????"####### #???????????????????? | | ???????????????????" #???????????????????? | | ???????????????????" #???????????????????? | | ???????????????????" #???????????????????? | | ???????????????????" #???????????????????? | | ???????????????????" R#???????????????????? | | ???????????????????" #???????????????????? | | ???????????????????" #???????????????????? | | ???????????????????" @ #???????????????????? | | ???????????????????"""" """c #???????????????????? | | ???????????????????""""T"""c #???????????????????? | | ???????????????????"####### #???????????????????? | | ??????????????????????????# #???????+####???????? | | ??????????#################c ####### ??????? | | ??????????# ##c ??????? | | ??????????# === ## #?????????? | | ??????????# = ## #?????????? | | ??????????# ## #?????????? | | ??????????# = ## #?????????? | | ??????????# %= =] ##x #?????????? | | ??????????############/###x #?????????? | | ???????????# == H #?????????? | | ???????????# h #?????????? | | ???????????# h #?????????? | | ???????????# """"" #?????????? | | ???????????# """F"" #?????????? | | ############ """ "" #?????????? | | # #?????????? | | " ???????????? | | # ????????????? | | # ###+################# ????????????? | | # ## #????????????????????????? | | # ## #????????????????????????? | +----------------------------------------------------+ Best States ------------- Heat Dissipation 88 Energy Generation 51 Energy Capacity 1340 Matter Stores 300 Matter Capacity 300 Sight Range 20 Robot Scan Range 16 Terrain Scan Density 10 Cloak Strength 3 Additional Mass Support 9 Corruption Block 15 Armor Coverage 825 Resistance: KI 30 Propulsion Shielding 90 Weapon Shielding 66 Melee Speed Boost 20 Evasion (%) 64 Target Analysis 15 Recoil Reduction 10 Force Boost 20 Offensive Hacking 24 Item Schematics ----------------- None Robot Schematics ------------------ None Fabricated ------------ Nothing Alien Tech Used ----------------- None Achievements -------------- 10k Club A Powerful Ally? All-out Warlord Charge!!! Denied? I Spy Just Browsing Part-time Excavator Respectable Loadout Rockin' Loadout Tank Unlikely Earthworm Challenges ------------ None Game ------ Seed PropulsionZioniteSuite Manual? 0 Play Time 02:25:03 Cumulative 17.5 hours Start 2022.05.22 @ 23:38:00 End 2022.05.23 @ 02:00:56 Sessions 1 Manual Loads 0 Difficulty Rogue Special Mode None Game No. 22 Rogue 22 Adventurer 0 Explorer 0 Win Type - Total 0 Types 0/0/0/0/0/0/0/0/0 Lore% 13 Gallery% 31 Achievement% 21 Wizard Run 0 Options --------- ASCII 0 Keyboard 1 Movement Numpad Keybinds 0 Fullscreen 1 Font 24/Proggy Map View 76x50 Tactical HUD 1 Map Filters NONE Filters NONE Steam 1 RUN: 333a085e-7986-449e-8969-86c9ab5bfbca